Unix NetHack Version 5.0.0-0 post-release - last build Jul 19 2026 19:10:59 (3aa4ab31751d3886436d94b585a96704892fd477,branch:main).

Game began 2026-07-21 22:38:59, ended 2026-07-21 22:54:19.

Jinnora, lawful female human Archeologist

           -------                         -------     -------
          #......|                        #.......#    |.....|
          #|......#                       #|{....|#    |.....|
          #|.....|#                   #####|.....|##  #..._..|
          #---.---#                   #    |.....| #  #|.....|         -------
          ##  #####                   #    -----.- #  #|.....|#########......|
           #     ###                  i         #  #  #---.---#        |.....|
           ##     ## #####`###########e@%######################       #......|
            #     #  #########     #            #  #  #    #          #|..._.|
            #     ##   ------------#            #  #  #    #         ##-------
            #      ##  |^{........|#            #######    ####     ##
     -------#       #  |..........|#            #  #####      #     #
     |[))..|#       #  |...........#          --.---.-##  ----.---- #
     |[[[[.-#       #  |.*........|           |......|##  |.......|##
     |[.)[.|        #  |>.........|           |..%...|####|.......|#
     |[[[[.|        ###...........|           |......|#  #.<.......#
     -------           ------------           |..>....#   ---------
                                              --------

Jinnora the Field Worker   St:13 Dx:10 Co:10 In:16 Wi:17 Ch:9  Lawful
Dlvl:3  $:124 HP:0(31) Pw:14(14) AC:9  Xp:3/64 T:2640 

Latest messages:
 a - an uncursed +2 bullwhip (weapon in right hand).
 You have no secondary weapon readied.
 You are bare handed.
 a - an uncursed +2 bullwhip (alternate weapon; not wielded).
 What do you want to wield? [- aeF or ?*] e
 e - an uncursed +0 pick-axe (weapon in right hand).
 You kill the red mold!
 You see here a red mold corpse.
 You have a little trouble lifting a red mold corpse.  Continue? [ynq] (q) y
 You have a little trouble lifting H - a red mold corpse.
 Your movements are slowed slightly because of your load.
 You swap places with your dog.
 What do you want to sacrifice? [H or ?*] H
 Your sacrifice is consumed in a flash of light!
 Your movements are now unencumbered.
 You swap places with your dog.
 The dog bites the fox.
 The fox is killed!
 Your dog eats a fox corpse.
 You hit the floating eye.
 You are frozen by the floating eye's gaze!
 You hear some noises.
 You hear bubbling water.
 The dog drops an acid blob corpse.
 The dog picks up an acid blob corpse.
 The dog drops an acid blob corpse.
 The dog picks up an acid blob corpse.
 You hear some noises.
 The dog drops an acid blob corpse.
 The homunculus bites!
 The homunculus bites!
 The homunculus bites!
 The homunculus bites!
 The homunculus bites!
 The homunculus bites!
 The homunculus bites!
 The homunculus bites!
 The homunculus bites!
 The homunculus bites!
 The homunculus bites!
 The homunculus bites!
 The homunculus bites!
 The homunculus bites!
 The homunculus bites!
 The homunculus bites!
 The homunculus bites!
 The homunculus bites!
 The homunculus bites!
 You die...
 Do you want your possessions identified? [ynq] (y) q

Inventory:
 Coins    ('$')
  $ - 124 gold pieces
 Weapons  (')')
  F - 12 uncursed +0 daggers (at the ready)
  a - an uncursed +2 bullwhip (alternate weapon; not wielded)
 Armor    ('[')
  c - a blessed +0 fedora (being worn)
  E - an uncursed +0 dwarvish cloak (being worn)
  b - an uncursed +0 leather jacket (being worn)
 Comestibles  ('%')
  d - 4 uncursed food rations
  u - an uncursed lembas wafer
  m - an uncursed pancake
 Scrolls  ('?')
  l - an uncursed scroll of food detection
  r - an uncursed scroll of scare monster
 Potions  ('!')
  v - an uncursed potion of sickness
  j - a blessed potion of sleeping
 Rings    ('=')
  o - an uncursed +1 ring of increase damage
  t - an uncursed ring of poison resistance
 Wands    ('/')
  q - an uncursed wand of fire (0:6)
 Tools    ('(')
  h - an empty uncursed sack
  s - an uncursed brass lantern
  i - an uncursed oil lamp
  e - an uncursed +0 pick-axe (weapon in right hand)
  C - an uncursed tin whistle
  f - an uncursed tinning kit (0:59)
 Gems/Stones  ('*')
  x - 2 uncursed fluorite stones
  p - an uncursed worthless piece of blue glass
  g - an uncursed touchstone

Jinnora the Archeologist's attributes:

Background:
 You were a Field Worker, a level 3 female human Archeologist.
 You were lawful, on a mission for Quetzalcoatl
 who was opposed by Camaxtli (neutral) and Huhetotl (chaotic).
 You were right-handed.
 You were in the Dungeons of Doom, on level 3.
 You entered the dungeon 2640 turns ago.
 It was nighttime.
 You had 64 experience points, 16 more were needed to attain level 4.

Basics:
 You had 0 out of 31 hit points.
 You had all 14 energy points (spell power).
 Your armor class was 9.
 Your wallet contained 124 zorkmids.
 Autopickup was off.

Final Characteristics:
 Your strength was 13 (limit:18/100).
 Your dexterity was 10 (limit:18).
 Your constitution was 10 (limit:18).
 Your intelligence was 16 (limit:18).
 Your wisdom was 17 (limit:18).
 Your charisma was 9 (limit:18).

Final Status:
 You weren't hungry.
 You were unencumbered.
 You were wielding a pick-axe.
 You had basic skill with pick-axe.

Final Attributes:
 You were piously aligned.
 Your items were somewhat protected from fire.
 Your items were somewhat protected from cold.
 You had automatic searching.
 You were warded.
 You were lucky.
 You are dead.

Miscellaneous:
 You didn't encounter any bones levels.
 Total elapsed playing time was 15 minutes and 20 seconds.

Major events:
 Turn
    1: Jinnora the lawful female human Archeologist entered the dungeon
  845: entered the Gnomish Mines
 1872: attained the rank of Field Worker (level 3)
 2640: killed by a homunculus, while frozen by a floating eye's gaze

You didn't know any spells.

Skills:
 Fighting Skills
   bare handed combat [Unskilled]
   two weapon combat  [Unskilled]
   riding             [Unskilled]
 Weapon Skills
   dagger             [Unskilled]
   knife              [Unskilled]
   pick-axe           [Basic]
   short sword        [Unskilled]
   saber              [Unskilled]
   club               [Unskilled]
   quarterstaff       [Unskilled]
   sling              [Unskilled]
   dart               [Unskilled]
   boomerang          [Unskilled]
   whip               [Basic]
   unicorn horn       [Unskilled]
 Spellcasting Skills
   attack spells      [Unskilled]
   healing spells     [Unskilled]
   divination spells  [Unskilled]
   matter spells      [Unskilled]

Voluntary challenges:
 Character rerolling was not enabled.
 You never genocided any monsters.
 You never polymorphed an object.
 You never changed form.
 You used no wishes.
Achievements:
 You entered the Gnomish Mines.
 You entered a shop.
 You attained the rank of Field Worker.

 The Dungeons of Doom: levels 1 to 4
    Level 1:
       A fountain.
    Level 2:
       An altar, some fountains.
    Level 3: <- You were here.
       An armor shop, some altars to Quetzalcoatl, some fountains.
       Stairs down to The Gnomish Mines.
       Final resting place for
          you, killed by a homunculus, while frozen by a floating eye's gaze.
    Level 4:
 The Gnomish Mines:
    Level 4:


Vanquished creatures:
  a little dog
  a floating eye
  a homunculus
  2 acid blobs
  a hobbit
  a hobgoblin
  4 giant rats
  a red mold
  4 gnomes
  2 geckos
  8 jackals
  2 foxes
  a kobold
  2 goblins
  2 grid bugs
  a bat
  3 lichens
  6 newts
43 creatures vanquished.

No species were genocided or became extinct.

Game over:
                       ----------
                      /          \
                     /    REST    \
                    /      IN      \
                   /     PEACE      \
                  /                  \
                  |     Jinnora      |
                  |      124 Au      |
                  |   killed by a    |
                  |    homunculus    |
                  |                  |
                  |                  |
                  |       2026       |
                 *|     *  *  *      | *
        _________)/\\_//(\/(/\)/\//\/|_)_______

Goodbye Jinnora the Archeologist...

You died in The Dungeons of Doom on dungeon level 3 with 528 points,
and 124 pieces of gold, after 2640 moves.
You were level 3 with a maximum of 31 hit points when you died.

